 Dungeon Crawl Stone Soup version 0.31.0-9-g3a7656b989 (webtiles) character file.

Game seed: 2582581639991570259

159 EnegeticOcto the Conjurer (level 5, 24/24 HPs)
             Began as a Felid Conjurer on Jan 30, 2024.
             Quit the game on level 4 of the Dungeon.
             The game lasted 00:02:52 (3088 turns).

EnegeticOcto the Conjurer (Felid Conjurer)          Turns: 3088, Time: 00:02:52

Health: 24/24      AC:  1    Str:  3    XL:     5   Next: 17%
Magic:  9/9        EV: 17    Int: 23    God:
Gold:   227        SH:  0    Dex: 15    Spells: 5/8 levels left
                                        Lives:  1   Deaths: 1

rFire   . . .        (weapon unavailable)
rCold   . . .        (shield unavailable)
rNeg    . . .        (body armour unavailable)
rPois   .            (helmet unavailable)
rElec   .            (cloak unavailable)
rCorr   .            (gloves unavailable)
SInv    +            (boots unavailable)
Will    .....        (no amulet)
Stlth   +++          (no ring)
HPRegen 0.24/turn    (no ring)
MPRegen 0.11/turn

%: no passive effects
@: no status effects
A: very small, claws 1, fangs 3, see invisible, shaggy fur 1, stealthy paws, no
weapons or thrown items, no armour, multi-lived
a: no special abilities


You were on level 4 of the Dungeon.
You visited 1 branch of the dungeon, and saw 4 of its levels.

You collected 227 gold pieces.

Inventory:

Jewellery
 e - an amulet of faith
   (You found it on level 1 of the Dungeon)
 h - an amulet of guardian spirit
   (You found it on level 2 of the Dungeon)
Scrolls
 b - a scroll of amnesia
 g - a scroll of brand weapon {unknown}
 j - a scroll of silence {!r}
 k - a scroll of fear {unknown}
 l - a scroll of identify {@r1}
Potions
 a - a potion of magic
 c - 2 potions of curing {@q1 !q}
 d - a potion of heal wounds {@q2 !q}
 f - a potion of haste {@q4 !q}
 i - a potion of ambrosia {unknown}


   Skills:
 + Level 3.3 Dodging
 - Level 4.0 Stealth
 + Level 2.3 Spellcasting
 + Level 5.2 Conjurations


You had 5 spell levels left.
You knew the following spells:

 Your Spells              Type           Power      Damage    Failure   Level
a - Magic Dart            Conj           100%       1d8       1%          1
b - Searing Ray           Conj           52%        2d6       2%          2

Your spell library contained the following spells:

 Spells                   Type           Power      Damage    Failure   Level
 Fulminant Prism          Conj/Alch      7%         3d7       38%         4
 Iskenderun's Mystic Bla  Conj/Tloc      14%        2d5       38%         4


Dungeon Overview and Level Annotations

Branches:
Dungeon (4/15) Zot: 26908
 Temple: D:4-7

Altars:

Shops:
D:1 (   D:2 [(

Annotations:
D:4 3 runed translucent doors, tish's ghost, amateur DjFE


Innate Abilities, Weirdness & Mutations

You have sharp claws.
You have razor-sharp teeth.
You have supernaturally acute eyesight. (SInv)
You are covered in fur. (AC +1)
Your paws help you pounce on unaware monsters.
You are incapable of wielding weapons or throwing items.
You cannot wear armour.
You gain extra lives every three experience levels.


Message History

g - a scroll labelled VAAG SICUSTRE
Casting: Magic Dart (safe; 1% risk of failure)
Confirm with . or Enter, or press ? or * to list all spells.
Aiming: Magic Dart (safe; 1% risk of failure)
Press: ? - help, Shift-Dir - straight line, f - you That beam is likely to hit you.
Continue anyway? [Y]es or [N]o only, please.
That beam is likely to hit you.
Continue anyway? [Y]es or [N]o only, please.
That beam is likely to hit you.
Continue anyway? [Y]es or [N]o only, please.
That beam is likely to hit you.
Continue anyway?
Okay, then.
You now have 227 gold pieces (gained 7).
k - a scroll labelled TINNEU GIJOPI Done exploring.
Done exploring.
Done exploring.
Done exploring.
Okay, then.
Okay, then.
Okay, then.
Search for what [? for help]? .
Search for what [Enter for "."]? .
Okay, then.
Done exploring.
Done exploring.
(D) Dungeon
Where to? (Tab/Enter - D:3, ? - help)
There is a stone staircase leading down here.
You climb downwards.
Found a leather armour.
There is a stone staircase leading up here.
A scorpion is nearby!
A scorpion is nearby!
Casting: Magic Dart (safe; 1% risk of failure)
Confirm with . or Enter, or press ? or * to list all spells.
Aiming: Searing Ray (safe; 2% risk of failure)
Press: ? - help, Shift-Dir - straight line, f - scorpion
Aim: a scorpion (asleep, 100% to hit)
The searing ray hits the scorpion.
The scorpion is lightly wounded. (Press . to maintain the ray.)
The searing ray hits the scorpion.
The scorpion is moderately wounded.
The searing ray hits the scorpion.
The scorpion is moderately wounded.
The scorpion completely misses you.
The searing ray misses the scorpion.
You finish channelling your searing ray.
The scorpion stings you.
You are poisoned.
The scorpion poisons you!
Casting: Searing Ray (safe; 2% risk of failure)
Confirm with . or Enter, or press ? or * to list all spells.
Aiming: Searing Ray (safe; 2% risk of failure)
Press: ? - help, Shift-Dir - straight line, f/p - scorpion
Aim: a scorpion (moderately wounded, 79% to hit)
The searing ray hits the scorpion.
The scorpion is heavily wounded. (Press . to maintain the ray.)
You feel very sick. The scorpion misses you. The scorpion stings you.
You are more poisoned.
The scorpion poisons you!
The searing ray hits the scorpion.
The scorpion is severely wounded.
* * * LOW HITPOINT WARNING * * *
You feel very sick. The scorpion barely misses you.
Without enough magic to sustain it, your searing ray dissipates.
You die...
You feel very sick. The scorpion closely misses you.
You rejoin the land of the living...
Found a runed translucent gate.
The adder hisses angrily.
Found a pair of boots.
Casting: Searing Ray (safe; 2% risk of failure)
Confirm with . or Enter, or press ? or * to list all spells.
Aiming: Searing Ray (safe; 2% risk of failure)
Press: ? - help, Shift-Dir - straight line, f/p - scorpion
Aim: a scorpion (severely wounded, 79% to hit)
The searing ray hits the scorpion!
You kill the scorpion! (Press . to maintain the ray.)
Your Dodging skill increases to level 3!
You have reached level 5!
Magic restored.
Found 6 stones.
The kobold shouts!
The jackal barks!
Found a stone staircase leading down.
Found a pair of boots.
l - a scroll of identify {@r1} A gnoll comes into view.
It is wielding a +0 whip.
Found a book of the Warp.
An adder and a ball python come into view.
A gnoll comes into view. It is wielding a +0 whip of venom.
Tish's ghost turns its malevolent gaze towards you.
Are you sure you want to abandon this character and quit the game? (Confirm with "yes".)

......#........###
J###J.#..........#
##..+........#...
...f+........(..#
###.K+.......#...#
#.S#............
..Wh#.....>.####
#####.....###
[.:......@..#
................
##.##..........g
... #.........S.
.# #.....!.....
#........g..
#[##.S......... .
..###.##......
..###.. .#


You could see a sleepcap, tish's ghost, 2 gnolls, 2 adders, an endoplasm
(wandering), a jackal, a ball python (asleep) and a kobold.

Vanquished Creatures
  A scorpion (D:4)
  2 adders
  3 dart slugs
  5 ribbon worms
  An orc (D:3)
  5 endoplasms
  2 giant cockroaches
  2 goblins
  6 hobgoblins
  2 quokkas
  7 ball pythons
  6 bats
  6 frilled lizards
  10 kobolds
  5 rats
63 creatures vanquished.

Notes
Turn   | Place    | Note
-------+----------+-------------------------------------------
     0 | D:1      | EnegeticOcto the Felid Conjurer began the quest for the
                  | Orb.
     0 | D:1      | Reached XP level 1. HP: 9/9 MP: 4/4
   167 | D:1      | Reached skill level 3 in Stealth
   308 | D:1      | You fall into a shaft and drop 1 floor!
   319 | D:2      | Reached XP level 2. HP: 13/13 MP: 1/6
   381 | D:2      | Learned a level 2 spell: Searing Ray
   601 | D:1      | Found Turiy's Antique Weapon Boutique.
   687 | D:1      | Reached skill level 4 in Conjurations
   950 | D:1      | Reached skill level 4 in Stealth
  1024 | D:1      | Reached XP level 3. HP: 16/16 MP: 4/7
  1668 | D:2      | Found Tack's Antique Armour Boutique.
  1781 | D:2      | Found Gyidyc Kexki's Antique Weapon Emporium.
  2032 | D:2      | Reached XP level 4. HP: 21/21 MP: 1/8
  2032 | D:2      | Gained a life (2 lives remaining)
  2381 | D:3      | Reached skill level 5 in Conjurations
  3027 | D:4      | Noticed a scorpion
  3034 | D:4      | Succumbed to a scorpion's poison
  3034 | D:4      | Lost a life (1 life remaining)
  3044 | D:4      | Found a runed translucent gate.
  3046 | D:4      | Found a runed translucent gate.
  3053 | D:4      | Killed a scorpion
  3054 | D:4      | Reached skill level 3 in Dodging
  3054 | D:4      | Reached XP level 5. HP: 24/24 MP: 6/9
  3075 | D:4      | Found a runed translucent gate.
  3075 | D:4      | Noticed tish's ghost (amateur DjFE)
  3088 | D:4      | Quit the game

Illustrated notes

Levels and vault maps discovered:
D:1:      saegor_arrival_simple_a, layout_basic, serial_shops,
          nicolae_shop_rolling_square, st_stairs_8
D:2:      layout_basic, serial_shops, nicolae_shop_dealshenge, shop,
          minmay_misc_feat_tower, serial_bayou_pond_c
D:3:      layout_loops_cross, small_statue_intersection
D:4:      layout_rooms, gammafunk_ghost_split

Skill      XL: |  1  2  3  4 |
---------------+-------------+-----
Stealth        | 3 4 |  4.0
Conjurations   | 4 5 |  5.2
Dodging        | 3 |  3.3
Spellcasting   | |  2.3

Action                     |  1- 3 |  4- 6 || total
---------------------------+-------+-------++-------
  Melee: Unarmed           |     3 |       ||     3
   Cast: Magic Dart        |    87 |    23 ||   110
         Searing Ray       |     2 |     5 ||     7
    Use: Scroll            |       |     5 ||     5
 Armour: Skin              |     3 |     2 ||     5
  Dodge: Dodged            |     7 |     7 ||    14

Table legend:
 A = Kills in this place as a percentage of kills in the entire game.
 B = Kills by you in this place as a percentage of kills by you in the entire game.
 C = Kills by friends in this place as a percentage of kills by friends in the entire game.
 D = Other kills in this place as a percentage of other kills in the entire game.
 E = Experience gained in this place as a percentage of experience gained in the entire game.
 F = Experience gained in this place divided by the number of levels of this place that you have seen.
                   A       B       C       D       E      F
               +-------+-------+-------+-------+-------+----------------------
         Total | 100.0 | 100.0 |   N/A |   N/A | 100.0 |  57.0
       Dungeon | 100.0 | 100.0 |   N/A |   N/A | 100.0 |  57.0
               +-------+-------+-------+-------+-------+----------------------

Table legend: (Time is in decaauts)
 A = Elapsed time spent in this place.
 B = Non-inter-level travel time spent in this place.
 C = Inter-level travel time spent in this place.
 D = Time resting spent in this place.
 E = Time spent auto-exploring this place.
 F = Levels seen in this place.
 G = Mean time per level.
                   A        B        C        D        E       F      G
               +--------+--------+--------+--------+--------+-----+--------+
         Total |   3091 |   3027 |     64 |     55 |   2656 |   4 |  772.8 |
       Dungeon |   3091 |   3027 |     64 |     55 |   2656 |   4 |  772.8 |
               +--------+--------+--------+--------+--------+-----+--------+

Top non-repeatable levels by time:
     D:1: 1204 daAuts
     D:2: 989 daAuts
     D:3: 836 daAuts
     D:4: 60 daAuts
